 Dungeon Crawl Stone Soup version 0.18-a0-1721-gc4d1f22 (webtiles) character file.

254 Fainsinger the Vexing (level 6, -1/43 HPs)
             Began as a Human Arcane Marksman on Apr 9, 2016.
             Shot with an arrow by a centaur (10 damage)
             ... on level 6 of the Dungeon.
             The game lasted 02:32:26 (4327 turns).

Fainsinger the Vexing (Human Arcane Marksman)       Turns: 4327, Time: 02:32:27

Health: -1/43      AC: 19    Str: 12    XL:     6   Next: 37%
Magic:  9/9        EV: 12    Int: 13    God:
Gold:   277        SH:  5    Dex: 14    Spells: 2 memorised, 6 levels left

rFire  . . .     SeeInvis .     H - +0 rapier
rCold  . . .     Gourm    .     k - +3 leather armour
rNeg   . . .     Faith    .     (no shield)
rPois  .         Spirit   .     y - +0 helmet
rElec  .         Dismiss  .     (no cloak)
rCorr  .         Reflect  +     g - +2 pair of gloves
SustAt .         Harm     .     (no boots)
MR     .....                    m - +5 amulet of reflection
Stlth  ++........               j - +5 ring of protection
                                b - +4 ring of protection

@: very slightly contaminated, invisible, not resistant to hostile enchantments,
unstealthy
A: no striking features
a: no special abilities


You were on level 6 of the Dungeon.
You were not hungry.

You visited 1 branch of the dungeon, and saw 6 of its levels.

You collected 277 gold pieces.

Inventory:

Hand Weapons
 a - a +0 shortbow
 h - a +0 dagger
 q - a +0 hunting sling
 u - a +0 club
 v - a +0 hunting sling
 w - a +0 falchion
 C - a +0 blowgun
 H - a +0 rapier (weapon)
 O - a +0 mace
Missiles
 d - 3 arrows
 i - 110 stones (quivered)
 s - 6 silver bolts
 x - 6 sling bullets
 E - 6 needles of confusion
 F - 12 poisoned needles
 L - 18 bolts
Armour
 g - a +2 pair of gloves (worn)
 k - a +3 leather armour (worn)
 y - a +0 helmet (worn)
 J - a +1 hat
 P - a +1 leather armour of poison resistance
Jewellery
 b - a +4 ring of protection (left hand)
 j - a +5 ring of protection (right hand)
 m - a +5 amulet of reflection (around neck)
 o - an uncursed ring of loudness
 A - an uncursed ring of stealth
Scrolls
 p - 3 scrolls of teleportation
 z - 2 scrolls of remove curse
 I - a scroll of magic mapping
 M - a scroll of recharging
Potions
 e - a potion of haste
 n - a potion of berserk rage
 t - a potion of lignification
 B - a potion of ambrosia
 G - a potion of flight
 N - a potion of brilliance
Books
 c - a book of Debilitation

   Spells                             Type                      Level
   a - Corona                         Hexes                        1
   b - Slow                           Hexes                        2
   c - Gell's Gravitas                Hexes/Translocation          3
   d - Inner Flame                    Hexes/Fire                   3
   e - Cause Fear                     Hexes                        4
   f - Leda's Liquefaction            Hexes/Earth                  4
 l - a book of Alchemy

   Spells                             Type                      Level
   a - Sublimation of Blood           Necromancy                   2
   b - Ignite Poison                  Fire/Transmutation/Poison    3
   c - Petrify                        Transmutation/Earth          4
   d - Alistair's Intoxication        Transmutation/Poison         5
   e - Irradiate                      Conjuration/Transmutation    5
Comestibles
 f - 5 bread rations
 D - a meat ration
 K - a beef jerky
 Q - 3 chunks of flesh


   Skills:
 + Level 1.6 Fighting
 + Level 1.1(1.3) Short Blades
 + Level 1.0(1.2) Long Blades
 + Level 1.0(1.3) Slings
 * Level 2.8 Bows
 + Level 1.4(1.6) Throwing
 + Level 1.2 Armour
 + Level 2.4 Dodging
 * Level 2.1 Stealth
 + Level 2.1 Spellcasting
 + Level 3.6 Hexes


You had 6 spell levels left.
You knew the following spells:

 Your Spells              Type           Power        Failure   Level  Hunger
a - Corona                Hex            ##.....      10%         1    ##.....
b - Slow                  Hex            ##......     12%         2    ###....


Dungeon Overview and Level Annotations

Branches:
Dungeon (6/15)
 Temple: D:4-7

Altars:
Elyvilon
Makhleb

Annotations:
D:2 Sigmund
D:5 Grinder, Pikel


Message History

You see here 3 arrows.
The centaur shoots an arrow.
The arrow hits you but does no damage.
You see here an arrow.
The centaur shoots an arrow.
You reflect the arrow off an invisible shield around you!
The arrow hits the centaur!
The arrow freezes the centaur.
The centaur shoots an arrow.
The arrow hits you.
* * * LOW HITPOINT WARNING * * *
The arrow freezes you.
* * * LOW HITPOINT WARNING * * *
You see here an arrow.
You fade into invisibility!
The centaur shoots an arrow.
The arrow misses you.
You are very lightly contaminated with residual magic.
d - 3 arrows (gained 2)
The centaur shoots an arrow.
The arrow hits you but does no damage.
The centaur shoots an arrow.
The arrow barely misses you.
The centaur stops glowing.
The centaur shoots an arrow.
The arrow hits you!
You die...

########***************
#<.....#*,,,,,,,,,,,,,,
######@#,,****,,,,,,,,,
#.#,,* *,********
#.#,,* *,* *,,,,,
#.#,,* *,* *,****
#c#,,* *,* *,* *
#(#,,****,***,****
#(#,>,,,,,,,,,,,,,
#(######**********
#.##.(.# *


You could see a centaur.

Vanquished Creatures
  An orc wizard (D:5)
  A giant frog skeleton (D:4)
  An orc priest (D:5)
  2 worker ants
  2 adders
  A shadow imp (D:5)
  An adder skeleton (D:4)
  2 worms (D:3)
  2 dart slugs
  A giant gecko (D:5)
  7 orcs
  8 giant cockroaches
  6 goblins
  5 hobgoblins
  A jackal (D:4)
  2 quokkas (D:4)
  A ball python (D:3)
  10 bats
  12 giant newts
  9 kobolds
  4 rats
79 creatures vanquished.

Notes
Turn   | Place    | Note
--------------------------------------------------------------
     0 | D:1      | Fainsinger the Human Arcane Marksman began the quest for the Orb.
     0 | D:1      | Reached XP level 1. HP: 15/15 MP: 2/2
   194 | D:1      | Reached XP level 2. HP: 21/21 MP: 1/3
   198 | D:1      | Learned a level 2 spell: Slow
   741 | D:1      | Reached XP level 3. HP: 26/26 MP: 2/4
  1174 | D:2      | Noticed Sigmund
  1742 | D:3      | Reached XP level 4. HP: 32/32 MP: 3/6
  2274 | D:3      | Reached skill level 1 in Stealth
  2702 | D:2      | You fall through a shaft for 2 floors!
  2735 | D:4      | Found a burning altar of Makhleb.
  2738 | D:4      | Found a white marble altar of Elyvilon.
  3173 | D:4      | Reached skill level 1 in Armour
  3173 | D:4      | Reached XP level 5. HP: 33/37 MP: 5/7
  3255 | D:4      | Reached skill level 1 in Throwing
  3518 | D:4      | Noticed a hippogriff
  3652 | D:5      | Entered Level 5 of the Dungeon
  3725 | D:5      | Noticed Grinder
  3776 | D:5      | Reached skill level 1 in Short Blades
  3825 | D:5      | Reached skill level 1 in Long Blades
  3825 | D:5      | Reached skill level 1 in Slings
  3825 | D:5      | Reached XP level 6. HP: 43/43 MP: 9/9
  4111 | D:5      | Noticed a slave
  4125 | D:5      | Noticed Pikel
  4152 | D:5      | Noticed a slave
  4170 | D:5      | Noticed a slave
  4171 | D:5      | Noticed a slave
  4327 | D:6      | Shot with an arrow by a centaur

Vault maps used:
D:1:      ncdulo_watergridlock, minmay_misc_feat_tower,
          minmay_misc_feat_four_crosses
D:2:      uniq_sigmund, uniq_crazy_yiuf_cottage
D:3:      first_bread
D:4:      grunt_temple_overflow_open
D:5:      serial_shops, shop, xom_confusion_cloud, uniq_grinder, uniq_pikel,
          uniq_duvessa, uniq_blork_the_orc
D:6:      serial_shops, shop, nemelex_spade_bored_becter, uniq_prince_ribbit1

Skill      XL: |  1  2  3  4  5  6 |
---------------+-------------------+-----
Stealth        | 1 2 |  2.1
Armour         | 1 |  1.2
Throwing       | 1 |  1.4
Spellcasting   | 2 |  2.1
Short Blades   | 1 |  1.1
Long Blades    | 1 |  1.0
Slings         | 1 |  1.0
Fighting       | |  1.6
Bows           | |  2.8
Dodging        | |  2.4
Hexes          | |  3.6

Action                   |  1- 3 |  4- 6 || total
-------------------------+-------+-------++-------
Melee: Short sword       |     3 |     3 ||     6
       Dagger            |       |    22 ||    22
       Club              |       |     6 ||     6
       Falchion          |       |    50 ||    50
       Rapier            |       |    66 ||    66
 Fire: Shortbow          |    80 |    55 ||   135
       Hunting sling     |       |    58 ||    58
Throw: Stone             |       |     9 ||     9
 Cast: Corona            |    19 |    18 ||    37
       Slow              |       |     7 ||     7
  Use: Scroll            |     5 |     8 ||    13
       Potion            |     4 |     4 ||     8
  Eat: Chunk             |     3 |     3 ||     6
       Beef jerky        |     1 |       ||     1
       Bread ration      |       |     1 ||     1
       Meat ration       |       |     1 ||     1
